 Dungeon Crawl Stone Soup version 0.30.0 (webtiles) character file.

Game seed: 7553617599017469384

769 SiphonPrime the Cleaver (level 7, -2/58 HPs)
             Began as a Minotaur Berserker on Jan 1, 2024.
             Was a Priest of Trog.
             Killed from afar by an acid dragon (22 damage)
             ... with a splash of acid
             ... on level 5 of the Dungeon.
             The game lasted 00:41:18 (4323 turns).

SiphonPrime the Cleaver (Minotaur Berserker)        Turns: 4323, Time: 00:41:19

Health: -2/58      AC: 12    Str: 23    XL:     7   Next: 52%
Magic:  6/6        EV:  9    Int: 10    God:    Trog [***...]
Gold:   174        SH:  0    Dex: 16    Spells: 6/6 levels left

rFire   . . .        l - +1 dagger (venom)
rCold   . . .        (no shield)
rNeg    . . .        z - +0 chain mail
rPois   .            r - +2 hat
rElec   .            (no cloak)
rCorr   .            g - +0 pair of gloves
SInv    .            (no boots)
Will    ++...        A - amulet of regeneration Stlth
                     j - +6 ring of intelligence
HPRegen 2.09/turn    x - +6 ring of dexterity
MPRegen 0.10/turn

%: no passive effects
@: strong-willed, regenerating
A: horns 2, retaliatory headbutt
a: Renounce Religion, Berserk, Trog's Hand


You were on level 5 of the Dungeon.
You worshipped Trog.
Trog was most pleased with you.
You visited 1 branch of the dungeon, and saw 5 of its levels.

You collected 264 gold pieces.
You spent 90 gold pieces at shops.

Inventory:

Hand Weapons
 a - a +0 hand axe
 f - a +0 whip
 l - a +1 dagger of venom (weapon)
 s - a +2 heavy hand axe
 y - a +0 short sword of flaming
Armour
 b - a +0 scale mail
 g - a +0 pair of gloves (worn)
 r - a +2 hat (worn)
 u - a +0 ring mail
 z - a +0 chain mail (worn)
Jewellery
 d - an amulet of guardian spirit
 j - a +6 ring of intelligence (left hand)
 x - a +6 ring of dexterity (right hand)
 A - an amulet of regeneration (around neck)
Wands
 v - a wand of flame (27)
Scrolls
 h - a scroll of fog
 m - a scroll of poison
 o - a scroll of magic mapping
Potions
 c - a potion of cancellation
 e - 2 potions of flight
 i - a potion of might
 k - 2 potions of brilliance
 t - a potion of magic {unknown}
 w - 2 potions of lignification


   Skills:
 - Level 3.9 Fighting
 + Level 3.5 Short Blades
 + Level 9.4(9.6) Axes
 - Level 2.0(6.3) Polearms
 - Level 2.4 Armour
 - Level 2.2 Dodging


You had 6 spell levels left.
You didn't know any spells.
Your spell library was empty.

Dungeon Overview and Level Annotations

Branches:
Dungeon (5/15)             Temple (0/1) D:4

Altars:
Hepliaklqana
Zin


Innate Abilities, Weirdness & Mutations

You have a pair of horns on your head.
You reflexively headbutt those who attack you in melee.


Message History

You see here 11 gold pieces.
You see here 11 gold pieces.
The acid dragon spits acid at you. The splash of acid hits you.
Your +1 dagger of venom begins to drip with poison!
l - a +1 dagger of venom (weapon)
Unknown command.
Your skin crawls.
You feel strong-willed.
You hit the acid dragon but do no damage.
Your headbutt misses the acid dragon. The acid dragon bites you.
The acid dragon claws you but does no damage.
You hit the acid dragon but do no damage.
The acid dragon is poisoned.
The acid dragon spits acid at you. The splash of acid hits you!!
You closely miss the acid dragon. Your headbutt misses the acid dragon.
You barely miss the acid dragon. The acid dragon bites you!
The acid dragon barely misses you.
The acid dragon attacks as you move away!
The acid dragon bites you!
The acid dragon claws you but does no damage.
The acid dragon attacks as you move away!
The acid dragon bites you. The acid dragon barely misses you.
The acid dragon attacks as you move away!
The acid dragon barely misses you.
The acid dragon claws you but does no damage.
The acid dragon spits acid at you. The splash of acid hits you!!
* * * LOW HITPOINT WARNING * * *
You feel better.
You hit the acid dragon. Your headbutt misses the acid dragon.
The acid dragon is heavily wounded.
The acid dragon bites you but does no damage.
The acid dragon claws you but does no damage.
You hit the acid dragon but do no damage.
The acid dragon is moderately wounded.
The acid dragon spits acid at you. The splash of acid hits you!!
You die...

..... #.#...........
..... #.#.........##
..... #......<....##
....## #........)...†
.....###...........)#
#...............##
#..#............#
##.D.............##
##.@##..............
#>..###.............
#.................♣.♣.
........................
..#...♣.♣.♣$♣.♣.♣.♣.♣.♣.
#.......................
##..................♣...
#.....................#
..8~~~~~~~~~8...♣..#


You could see an acid dragon (poisoned, catching breath).

Vanquished Creatures
  Grinder (D:3)
  2 ogres
  A black bear (D:4)
  A scorpion (D:5)
  A hound (D:5)
  An orc priest (D:4)
  An iguana (D:5)
  An orc wizard (D:4)
  9 adders
  2 worms
  2 dart slugs (D:3)
  13 orcs
  6 ball pythons
  3 endoplasms
  5 goblins
  5 hobgoblins
  2 quokkas
  6 bats
  2 frilled lizards (D:1)
  7 kobolds
  14 rats
85 creatures vanquished.

Vanquished Creatures (others)
  A fungus (D:1)
1 creature vanquished.

Grand Total: 86 creatures vanquished

Notes
Turn   | Place    | Note
-------+----------+-------------------------------------------
     0 | D:1      | SiphonPrime the Minotaur Berserker began the quest for the
                  | Orb.
     0 | D:1      | Reached XP level 1. HP: 19/19 MP: 0/0
   453 | D:1      | Reached skill level 4 in Axes
   491 | D:1      | Reached XP level 2. HP: 27/27 MP: 1/1
   510 | D:1      | Found a faded altar of an unknown god.
  1068 | D:1      | Reached ** piety under Trog
  1414 | D:1      | Reached skill level 1 in Polearms
  1626 | D:2      | Reached XP level 3. HP: 33/33 MP: 2/2
  1741 | D:2      | Reached skill level 5 in Axes
  1867 | D:2      | Reached XP level 4. HP: 39/40 MP: 3/3
  2390 | D:3      | Found Zin's Purification Station.
  2429 | D:3      | Found a glowing silver altar of Zin.
  2443 | D:3      | Bought a potion of curing for 90 gold pieces
  2580 | D:3      | Reached *** piety under Trog
  2581 | D:3      | Reached skill level 6 in Axes
  2606 | D:3      | Noticed Grinder
  2612 | D:3      | Paralysed by Grinder for 5 turns
  2628 | D:3      | Killed Grinder
  2629 | D:3      | Reached skill level 1 in Short Blades
  2629 | D:3      | Reached skill level 7 in Axes
  2629 | D:3      | Reached XP level 5. HP: 19/46 MP: 0/4
  2629 | D:3      | Reached XP level 6. HP: 22/52 MP: 0/5
  3348 | D:4      | Reached skill level 8 in Axes
  3395 | D:4      | Found a staircase to the Ecumenical Temple.
  3667 | D:4      | Reached XP level 7. HP: 43/58 MP: 6/6
  3780 | D:4      | Found a hazy altar of Hepliaklqana.
  3997 | D:5      | Entered Level 5 of the Dungeon
  4200 | D:5      | Reached skill level 9 in Axes
  4323 | D:5      | Killed from afar by an acid dragon

Illustrated notes

Levels and vault maps discovered:
D:1:      dpeg_arrival_lava_temple_mockup, layout_basic,
          shapermc_ecumenical_altar_ellora
D:2:      layout_basic
D:3:      layout_basic, zin_purify, uniq_grinder
D:4:      layout_gridville, nzn_hepliaklqana_mist_gate, minmay_temple_entry_grid
D:5:      layout_cave_pods, serial_park, serial_park_paths
          [serial_park_minivault_5x5_5], serial_park_tiny_1, serial_park_square3
          [serial_park_minivault_5x5_1], serial_park_square2,
          serial_park_fountain

Skill      XL: |  1  2  3  4  5  6  7 |
---------------+----------------------+-----
Axes           | 4 5 7 8 9 |  9.4
Polearms       | 1 2 |  2.0
Short Blades   | 1 2 3 |  3.5
Fighting       | |  3.9
Armour         | |  2.4
Dodging        | |  2.2

Action                     |  1- 3 |  4- 6 |  7- 9 || total
---------------------------+-------+-------+-------++-------
  Melee: Hand axe          |    88 |    41 |     4 ||   133
         Headbutt          |    11 |    17 |    13 ||    41
         Punch             |     1 |     1 |     1 ||     3
         Dagger            |       |    63 |    23 ||    86
         Short sword       |       |       |    27 ||    27
  Throw: Stone             |     4 |     1 |    10 ||    15
 Invoke: Trog's Hand       |       |     1 |     1 ||     2
    Use: Scroll            |     4 |     4 |     1 ||     9
         Potion            |       |     6 |     1 ||     7
 Armour: Animal skin       |     9 |       |       ||     9
         Leather armour    |     8 |     8 |       ||    16
         Scale mail        |       |    32 |     1 ||    33
         Chain mail        |       |       |    19 ||    19
  Dodge: Dodged            |    46 |    64 |    24 ||   134
